 Dungeon Crawl Stone Soup version 0.29.1-15-g9cfb28693d (webtiles) character file.

Game seed: 12467868696846651060

53 Alturiack the Grave Robber (level 3, -2/19 HPs)
             Began as a Deep Elf Necromancer on Apr 12, 2023.
             Slain by an orc
             ... wielding a +0 short sword
              (3 damage)
             ... on level 2 of the Dungeon.
             The game lasted 00:04:32 (1284 turns).

Alturiack the Grave Robber (Deep Elf Necromancer)   Turns: 1284, Time: 00:04:33

Health: -2/19      AC:  2    Str:  5    XL:     3   Next: 62%
Magic:  10/10      EV: 13    Int: 21    God:
Gold:   80         SH:  0    Dex: 21    Spells: 9/10 levels left

rFire   . . .      SeeInvis .   (no weapon)
rCold   . . .      Faith    .   (no shield)
rNeg    + . .      Spirit   .   a - +0 robe
rPois   .          Reflect  .   (no helmet)
rElec   .          Harm     .   (no cloak)
rCorr   .          Rampage  .   (no gloves)
Will    .....                   (no boots)
Stlth   ++........              (no amulet)
HPRegen 0.06/turn               i - +6 ring of dexterity
MPRegen 0.12/turn               c - ring of positive energy

@: no status effects
A: no striking features
a: no special abilities


You were on level 2 of the Dungeon.
You visited 1 branch of the dungeon, and saw 2 of its levels.

You collected 80 gold pieces.

Inventory:

Armour
 a - a +0 robe (worn)
Jewellery
 c - a ring of positive energy (right hand)
 i - a +6 ring of dexterity (left hand)
Scrolls
 d - 4 scrolls of identify {unknown}
 e - a scroll of fear {unknown}
 f - a scroll of vulnerability {unknown}
 h - a scroll of immolation {unknown}
 k - a scroll of blinking {unknown}
Potions
 b - a potion of magic
 g - a potion of haste {unknown}
 j - a potion of curing {unknown}


   Skills:
 - Level 2.4 Dodging
 - Level 2.4 Stealth
 + Level 4.0 Spellcasting
 * Level 6.0 Necromancy


You had 9 spell levels left.
You knew the following spells:

 Your Spells              Type           Power      Damage    Failure   Level
a - Necrotise             Necr           100%       1d9       1%          1

Your spell library contained the following spells:

 Spells                   Type           Power      Damage    Failure   Level
 Vampiric Draining        Necr           29%        2d8       3%          3
 Animate Dead             Necr           29%        N/A       10%         4
 Apportation              Tloc           8%         N/A       12%         1
 Agony                    Necr           29%        N/A       28%         5
 Tukima's Dance           Hex            4%         N/A       34%         3
 Passage of Golubria      Tloc           4%         N/A       75%         4
 Alistair's Intoxication  Tmut/Pois      2%         N/A       97%         5
 Yara's Violent Unravell  Hex/Tmut       2%         3d3       97%         5


Dungeon Overview and Level Annotations

Branches:
Dungeon (2/15)

Altars:


Message History

You can't see any susceptible monsters within range! (Use Z to cast anyway.)
Your kobold skeleton hits the orc.
The orc hits your kobold skeleton with a +0 short sword.
Your kobold skeleton is destroyed!
Casting: Necrotise (safe; 1% risk of failure)
Confirm with . or Enter, or press ? or * to list all spells.
Aiming: Necrotise (safe; 1% risk of failure)
Press: ? - help, Shift-Dir - straight line, f/p - orc
Aim: an orc, wielding a +0 short sword (lightly wounded, chance to affect: 93%)
The orc writhes in agony.
The orc attacks as you move away! The orc barely misses you.
The orc barely misses you.
You see here a frilled lizard corpse.
The orc attacks as you move away! The orc hits you with a +0 short sword.
The orc attacks as you move away! The orc barely misses you.
You see here 3 poisoned darts.
The orc closely misses you.
There is an open door here.
The orc attacks as you move away! The orc closely misses you.
The orc attacks as you move away! The orc closely misses you.
The orc attacks as you move away! The orc hits you with a +0 short sword.
The orc attacks as you move away! The orc barely misses you.
The orc attacks as you move away! The orc hits you but does no damage.
Casting: Necrotise (safe; 1% risk of failure)
Confirm with . or Enter, or press ? or * to list all spells.
Aiming: Necrotise (safe; 1% risk of failure)
Press: ? - help, Shift-Dir - straight line, f/p - orc
Aim: an orc, wielding a +0 short sword (lightly wounded, chance to affect: 93%)
The orc writhes in agony.
The orc hits you with a +0 short sword. The orc attacks as you move away!
The orc closely misses you. The orc attacks as you move away!
The orc hits you but does no damage. The orc hits you with a +0 short sword.
The orc attacks as you move away! The orc hits you with a +0 short sword.
The orc hits you with a +0 short sword.
* * * LOW HITPOINT WARNING * * *
The orc attacks as you move away! The orc hits you with a +0 short sword.
* * * LOW HITPOINT WARNING * * *
The orc attacks as you move away! The orc misses you.
The orc attacks as you move away! The orc hits you with a +0 short sword.
You die...

... ..# #.#.# #.# ## #.#.# #.# #.
######### #.#.# #.# ##.
........#.#.#.# #.###########..
...####.#.#.#.#####...........#(.
.....##.#.#.#.................'..
...#....#.#...###.#..########.#..
...#....#.#....o@.............#..
...#....#.#.#####.#........#..###
...#....#.....# #.#..#.###.#..#
##.#....##..#.# #....<.###.#..#
.#.##...#..##.# #####.........# #
.#.#<.....## # #....###.#.## #
.#.#.....## #.#......#... .
.#.......####+### #.############
.....#..##......# #


You could see an orc.

Vanquished Creatures
  An adder (D:2)
  A gnoll (D:1)
  5 ball pythons
  2 endoplasms (D:1)
  2 goblins (D:1)
  2 hobgoblins (D:1)
  3 jackals (D:1)
  A quokka (D:1)
  4 bats (D:1)
  A frilled lizard (D:1)
  6 kobolds
  A rat (D:1)
29 creatures vanquished.

Vanquished Creatures (collateral kills)
  A goblin (D:1)
  A hobgoblin (D:2)
  A jackal (D:1)
  A frilled lizard (D:2)
  A rat (D:1)
5 creatures vanquished.

Grand Total: 34 creatures vanquished

Notes
Turn   | Place    | Note
-------+----------+-------------------------------------------
     0 | D:1      | Alturiack the Deep Elf Necromancer began the quest for the
                  | Orb.
     0 | D:1      | Reached XP level 1. HP: 10/10 MP: 6/6
    58 | D:1      | Reached skill level 5 in Necromancy
   107 | D:1      | Reached XP level 2. HP: 15/15 MP: 4/8
   605 | D:1      | Reached XP level 3. HP: 17/19 MP: 6/10
   765 | D:1      | Found a faded altar of an unknown god.
  1151 | D:2      | Reached skill level 6 in Necromancy
  1284 | D:2      | Slain by an orc

Illustrated notes

Levels and vault maps discovered:
D:1:      psy_arrival_spokes, layout_loops_ring,
          hellmonk_ecumenical_altar_arch_garden, serial_forest,
          infiniplex_forest_lined_corner, infiniplex_forest_clump_long,
          infiniplex_forest_straight_5, infiniplex_forest_lined_room_2,
          infiniplex_forest_clump_small, infiniplex_forest_clump_small,
          infiniplex_forest_clump_C
D:2:      layout_basic

Skill      XL: |  1  2  3 |
---------------+----------+-----
Necromancy     | 5 6 |  6.0
Spellcasting   | 4 |  4.0
Dodging        | |  2.4
Stealth        | |  2.4

Action                   || total
-------------------------++-------
Melee: Unarmed           ||     5
       Punch             ||     1
 Cast: Necrotise         ||    56
Armor: Robe              ||     4
Dodge: Dodged            ||    24
